 Dungeon Crawl Stone Soup version 0.31.0-12-g77e489cdc1 (webtiles) character file.

Game seed: 17627902100221148008

79 Gadfly the Sneak (level 4, -2/22 HPs)
             Began as a Spriggan Enchanter on Feb 16, 2024.
             Slain by a gnoll
             ... wielding a +0 halberd
              (8 damage)
             ... on level 2 of the Dungeon.
             The game lasted 00:02:39 (1648 turns).

Gadfly the Sneak (Spriggan Enchanter)               Turns: 1648, Time: 00:02:40

Health: -2/22      AC:  3    Str:  4    XL:     4   Next: 17%
Magic:  1/9        EV: 18    Int: 16    God:
Gold:   32         SH:  0    Dex: 17    Spells: 4/9 levels left

rFire   . . .        a - +1 dagger
rCold   . . .        (no shield)
rNeg    . . .        b - +1 robe
rPois   .            (helmet restricted)
rElec   .            (no cloak)
rCorr   .            (gloves unavailable)
SInv    +            (boots unavailable)
Will    .....        (no amulet)
Stlth   +++          (no ring)
HPRegen 0.23/turn    (no ring)
MPRegen 0.11/turn

%: no passive effects
@: very quick
A: very small, no large weapons, unfitting armour, see invisible, speed 3
a: no special abilities


You were on level 2 of the Dungeon.
You visited 1 branch of the dungeon, and saw 2 of its levels.

You collected 32 gold pieces.

Inventory:

Hand Weapons
 a - a +1 dagger (weapon)
Armour
 b - a +1 robe (worn)
Scrolls
 e - a scroll of identify {unknown}
 h - a scroll of teleportation {unknown}
Potions
 c - 2 potions of invisibility
 d - a potion of brilliance {unknown}
 f - a potion of heal wounds {unknown}
 g - a potion of degeneration {unknown}
 i - 2 potions of enlightenment {unknown}
 j - a potion of cancellation {unknown}
 k - a potion of curing {unknown}


   Skills:
 + Level 1.2 Fighting
 + Level 2.0 Short Blades
 + Level 3.3 Dodging
 + Level 4.9 Stealth
 + Level 3.0 Spellcasting
 + Level 4.0 Hexes
 + Level 1.6 Evocations


You had 4 spell levels left.
You knew the following spells:

 Your Spells              Type           Power      Damage    Failure   Level
a - Ensorcelled Hibernat  Hex/Ice        16%        N/A       12%         2
b - Confusing Touch       Hex            15%        N/A       11%         3

Your spell library contained the following spells:

 Spells                   Type           Power      Damage    Failure   Level
 Tukima's Dance           Hex            15%        N/A       11%         3
 Dazzling Flash           Conj/Hex       16%        N/A       24%         3


Dungeon Overview and Level Annotations

Branches:
Dungeon (2/15)

Altars:


Innate Abilities, Weirdness & Mutations

You are very small and have problems with some larger weapons.
You are too small for most types of armour.
You have supernaturally acute eyesight. (SInv)
You cover ground extremely quickly. (Speed+++)


Message History

You kill the gnoll!
The gnoll misses you. x2
Your Hexes skill increases to level 4!
You have reached level 4!
The gnoll misses you. The gnoll barely misses you.
You see here a +0 halberd.
The gnoll looks drowsy...
The gnoll barely misses you.
The helpless gnoll fails to defend itself.
You impale the gnoll!!
You kill the gnoll!
The gnoll barely misses you.
You are out of magic!
You are out of magic!
You hit the gnoll but do no damage. You hit the gnoll.
Your punch misses the gnoll.
The gnoll is moderately wounded.
The gnoll closely misses you.
You hit the gnoll.
The gnoll is moderately wounded.
The gnoll hits you with a +0 halberd.
You barely miss the gnoll.
The gnoll is moderately wounded.
The gnoll completely misses you.
You barely miss the gnoll.
The gnoll is moderately wounded.
The gnoll completely misses you.
You hit the gnoll.
The gnoll is heavily wounded.
The gnoll barely misses you.
You hit the gnoll but do no damage.
The gnoll is heavily wounded.
The gnoll closely misses you.
You hit the gnoll but do no damage.
The gnoll is heavily wounded.
The gnoll hits you with a +0 halberd.
* * * LOW HITPOINT WARNING * * *
You hit the gnoll but do no damage.
The gnoll is heavily wounded.
The gnoll hits you with a +0 halberd!
You die...

.....##..'.g..'.g............g...
.......###....##.###.#.....g.g.<.
.......'......##.# #.############
#......##........# #.............
#......##....##### ##############
#......#####...## #......#
#....## #......# #.....####
#......# #...)@...#### #######
#...g###....# #...... #....#
####.# #...... #....# #.# #......
###### #.# #...... ###'####......
#......+...... #....###......
###.............


You could see a gnoll.

Vanquished Creatures
  2 gnolls (D:2)
  An adder (D:2)
  A ribbon worm (D:2)
  2 dart slugs
  An endoplasm (D:1)
  2 giant cockroaches
  A goblin (D:2)
  4 hobgoblins (D:1)
  7 jackals
  9 ball pythons
  6 bats
  2 frilled lizards
  3 kobolds
  4 rats (D:2)
45 creatures vanquished.

Notes
Turn   | Place    | Note
-------+----------+-------------------------------------------
     0 | D:1      | Gadfly the Spriggan Enchanter began the quest for the Orb.
     0 | D:1      | Reached XP level 1. HP: 9/9 MP: 5/5
    68 | D:1      | Reached XP level 2. HP: 9/14 MP: 6/6
    93 | D:1      | Learned a level 2 spell: Ensorcelled Hibernation
   311 | D:1      | Reached skill level 1 in Evocations
   528 | D:1      | Reached XP level 3. HP: 17/17 MP: 8/8
   667 | D:2      | Reached skill level 1 in Fighting
   970 | D:2      | Learned a level 3 spell: Confusing Touch
  1637 | D:2      | Reached XP level 4. HP: 14/22 MP: 2/9
  1648 | D:2      | Slain by a gnoll

Illustrated notes

Levels and vault maps discovered:
D:1:      mrwooster_arrival_statue_2, layout_rooms
D:2:      layout_basic

Skill      XL: |  1  2  3 |
---------------+----------+-----
Dodging        | 3 |  3.3
Evocations     | 1 |  1.6
Fighting       | 1 |  1.2
Spellcasting   | 3 |  3.0
Short Blades   | 2 |  2.0
Hexes          | 4 |  4.0
Stealth        | |  4.9

Action                     |  1- 3 |  4- 6 || total
---------------------------+-------+-------++-------
  Melee: Dagger            |   163 |    10 ||   173
   Cast: Ensorcelled Hiber |    17 |     1 ||    18
    Use: Scroll            |     1 |       ||     1
   Stab: Sleeping          |    16 |     1 ||    17
 Armour: Robe              |    45 |     3 ||    48
  Dodge: Dodged            |   173 |     9 ||   182
